 Dungeon Crawl Stone Soup version 0.30-a0-170-g85af917532 (webtiles) character file.

Game seed: 10372773669135397430

231 jlumianski the Chopper (level 5, -20/39 HPs)
             Began as a Demonspawn Gladiator on Sept 30, 2022.
             Demolished by an ogre
             ... wielding a +0 giant spiked club
              (23 damage)
             ... on level 4 of the Dungeon on Oct 1, 2022.
             The game lasted 00:15:45 (3976 turns).

jlumianski the Chopper (Demonspawn Gladiator)       Turns: 3976, Time: 00:15:45

Health: -20/39     AC: 11    Str: 16    XL:     5   Next: 73%
Magic:  5/5        EV:  5    Int: 11    God:
Gold:   103        SH:  0    Dex: 15    Spells: 4/4 levels left

rFire   . . .      SeeInvis .    a - +0 war axe
rCold   . . .      Faith    .    (no shield)
rNeg    . . .      Spirit   .    q - +0 plate armour
rPois   .          Reflect  .    c - +0 helmet
rElec   .          Harm     .    (no cloak)
rCorr   .          Rampage  .    (no gloves)
Will    +....      Clarity  +    (no boots)
Stlth   ..........               (no amulet)
HPRegen 0.13/turn                (no ring)
MPRegen 0.18/turn                (no ring)

@: about to teleport
A: magic regeneration, big brain 1, clarity, strong-willed 1, noise suppression
a: no special abilities


You were on level 4 of the Dungeon.
You visited 1 branch of the dungeon, and saw 4 of its levels.

You collected 163 gold pieces.
You spent 60 gold pieces at shops.

Inventory:

Hand Weapons
 a - a +0 war axe (weapon)
Missiles
 d - 3 throwing nets
 e - a javelin (quivered)
 k - 7 boomerangs
 l - 6 poisoned darts
Armour
 b - a +0 leather armour
 c - a +0 helmet (worn)
 f - a +0 ring mail
 q - a +0 plate armour (worn)
Wands
 m - a wand of iceblast (12)
Scrolls
 h - 2 scrolls of teleportation
Potions
 g - a potion of might
 i - a potion of mutation
 j - a potion of haste
 n - a potion of berserk rage {unknown}
 p - 2 potions of brilliance


   Skills:
 + Level 2.6 Fighting
 + Level 4.2 Axes
 + Level 2.1 Throwing
 + Level 1.5 Armour
 + Level 3.7 Dodging
 + Level 1.0 Stealth


You had 4 spell levels left.
You didn't know any spells.
Your spell library contained the following spells:

 Spells                   Type           Power      Damage    Failure   Level
 Alistair's Intoxication  Tmut/Pois      0%         N/A       100%        5
 Borgnjor's Vile Clutch   Necr/Erth      0%         N/A       100%        5
 Eringya's Noxious Bog    Tmut/Pois      0%         N/A       100%        6


Dungeon Overview and Level Annotations

Branches:
Dungeon (4/15)
 Temple: D:4-7

Altars:
Nemelex Xobeh

Shops:
D:3 *

Annotations:
D:3 1 runed translucent door, Crazy Yiuf


Innate Abilities, Weirdness & Mutations

You regenerate magic rapidly.
You have an unusually large brain. (Int +2)
You possess an exceptional clarity of mind.
You are strong-willed. (Will+)
You passively dampen the noise of your surroundings.


Message History

h - 3 scrolls of teleportation (gained 1)
You open the door.
A hound comes into view.
The hound barks!
Found an escape hatch in the ceiling.
An ogre comes into view. It is wielding a +0 giant spiked club.
There is an open door here.
The hound barely misses you.
There is an open door here.
The hound attacks as you move away! The hound bites you. The hound bites you.
The hound bites you but does no damage. The hound attacks as you move away!
The hound bites you. The hound bites you but does no damage.
You slash the hound!
The hound is heavily wounded.
The hound bites you but does no damage. x2
You slash the hound!
The hound is almost dead.
The hound bites you but does no damage. x2
You hit the hound.
You kill the hound!
You slash the ogre!
The ogre is moderately wounded.
The ogre hits you with a +0 giant spiked club.
You slash the ogre!
The ogre is severely wounded.
The ogre hits you with a +0 giant spiked club.
You hit the ogre.
The ogre is almost dead.
The ogre hits you with a +0 giant spiked club!!
Ouch! That really hurt!
* * * LOW HITPOINT WARNING * * *
Okay, then.
As you read the scroll of teleportation, it crumbles to dust.
You feel strangely unstable. The ogre attacks as you move away!
The ogre hits you with a +0 giant spiked club!!
Ouch! That really hurt!
You die...

# #.# #+## #.#
#...## #.# #.....#
##.## ##.......
####...####........
##.........'O.......
#<###...#.##........
#.# #..##O###.<.....
#.# #.###@# #.....#
##...## #.# #...##
#.. ..# #+## #.#
#### #.


You could see an ogre.

Vanquished Creatures
  A hound (D:4)
  Natasha (thrice) (D:2)
  5 adders
  A dart slug (D:1)
  2 worms (D:3)
  2 orcs (D:3)
  2 bats
  9 endoplasms
  4 giant cockroaches
  8 goblins
  8 hobgoblins
  3 jackals (D:3)
  5 kobolds
  2 quokkas (D:1)
  7 ball pythons
  3 frilled lizards
  5 rats
70 creatures vanquished.

Notes
Turn   | Place    | Note
-------+----------+-------------------------------------------
     0 | D:1      | jlumianski the Demonspawn Gladiator began the quest for the
                  | Orb.
     0 | D:1      | Reached XP level 1. HP: 16/16 MP: 1/1
   193 | D:1      | Gained mutation: You regenerate magic rapidly. [demonic
                  | ancestry]
   193 | D:1      | Reached XP level 2. HP: 20/22 MP: 2/2
   547 | D:1      | Reached skill level 3 in Axes
   730 | D:1      | Found a faded altar of an unknown god.
   938 | D:2      | Reached XP level 3. HP: 19/27 MP: 3/3
  1586 | D:2      | Noticed Natasha
  1594 | D:2      | Killed Natasha
  1595 | D:2      | Reached XP level 4. HP: 8/33 MP: 4/4
  1753 | D:2      | Noticed Natasha
  1766 | D:2      | Killed Natasha
  1767 | D:2      | Reached skill level 1 in Armour
  2099 | D:2      | Noticed Natasha
  2160 | D:2      | Killed Natasha
  2161 | D:2      | Gained mutation: You have an unusually large brain. (Int
                  | +2) [demonic ancestry]
  2161 | D:2      | Reached XP level 5. HP: 38/38 MP: 5/5
  2299 | D:2      | Reached skill level 4 in Axes
  2382 | D:3      | Found Nehaschi's Assorted Antiques.
  2383 | D:3      | Found a sparkling altar of Nemelex Xobeh.
  2431 | D:3      | Bought a scroll labelled GIUZINN SEUCVO for 30 gold pieces
  2431 | D:3      | Bought a scroll labelled LEUGEROTEZ for 30 gold pieces
  2888 | D:2      | Gained mutation: You possess an exceptional clarity of
                  | mind. [potion of mutation]
  2888 | D:2      | Gained mutation: You passively dampen the noise of your
                  | surroundings. [potion of mutation]
  2888 | D:2      | Gained mutation: You are strong-willed. (Will+) [potion of
                  | mutation]
  3098 | D:3      | Found a runed translucent door.
  3099 | D:3      | Noticed Crazy Yiuf
  3557 | D:3      | Reached skill level 1 in Stealth
  3961 | D:4      | Noticed an ogre
  3976 | D:4      | Demolished by an ogre

Illustrated notes

Levels and vault maps discovered:
D:1:      lightli_arrival_farm, layout_basic, nicolae_ecumenical_snake_handling,
          minmay_misc_feat_diagonals
D:2:      layout_rooms, uniq_natasha
D:3:      minmay_skewed_foursquare, layout_basic,
          mainiacjoe_overflow_surrounded_room, serial_shops, shop,
          uniq_crazy_yiuf_cottage
D:4:      layout_loops_corners, minmay_temple_entry_proselytizer

Skill      XL: |  1  2  3  4  5 |
---------------+----------------+-----
Dodging        | 3 |  3.7
Throwing       | 2 |  2.1
Axes           | 3 4 |  4.2
Armour         | 1 |  1.5
Stealth        | 1 |  1.0
Fighting       | |  2.6

Action                   |  1- 3 |  4- 6 || total
-------------------------+-------+-------++-------
Melee: War axe           |    80 |   105 ||   185
       Punch             |     1 |       ||     1
Throw: Boomerang         |     3 |     4 ||     7
       Javelin           |       |     2 ||     2
  Use: Scroll            |       |     6 ||     6
       Potion            |       |     6 ||     6
 Stab: Sleeping          |       |     1 ||     1
Armor: Ring mail         |    36 |     2 ||    38
       Plate armour      |       |    65 ||    65
       Skin              |       |     1 ||     1
Dodge: Dodged            |    52 |    39 ||    91

Table legend: (Time is in decaauts)
 A = Elapsed time spent in this place.
 B = Non-inter-level travel time spent in this place.
 C = Inter-level travel time spent in this place.
 D = Time resting spent in this place.
 E = Time spent auto-exploring this place.
 F = Levels seen in this place.
 G = Mean time per level.
                   A        B        C        D        E       F      G
               +--------+--------+--------+--------+--------+-----+--------+
         Total |   4062 |   3903 |    159 |    846 |   1926 |   4 | 1015.5 |
       Dungeon |   4062 |   3903 |    159 |    846 |   1926 |   4 | 1015.5 |
               +--------+--------+--------+--------+--------+-----+--------+

Top non-repeatable levels by time:
     D:3: 1568 daAuts
     D:2: 1283 daAuts
     D:1: 1162 daAuts
     D:4: 48 daAuts
